 Dungeon Crawl Stone Soup version 0.26-a0-682-g294304f6e8 (webtiles) character file.

Game seed: 1862606797823255341

107 lunkers the Chiller (level 4, -9/30 HPs)
             Began as a Merfolk Ice Elementalist on Oct 21, 2020.
             Killed by nerve-wracking pain
             ... invoked by Grinder
              (12 damage)
             ... on level 3 of the Dungeon.
             The game lasted 00:04:19 (3460 turns).

lunkers the Chiller (Merfolk Ice Elementalist)      Turns: 3460, Time: 00:04:20

Health: -9/30      AC:  3    Str:  8    XL:     4   Next: 85%
Magic:  2/8        EV: 13    Int: 15    God:
Gold:   98         SH:  0    Dex: 14    Spells: 2/9 levels left

rFire    . . .     SeeInvis .   q - +0 dagger
rCold    . . .     Faith    .   (no shield)
rNeg     . . .     Spirit   .   a - +0 robe
rPois    .         Reflect  .   o - +0 helmet
rElec    .         Harm     .   (no cloak)
rCorr    .         Rampage  .   (no gloves)
MR       .....                  (no boots)
Stlth    ++........             (no amulet)
HPRegen  0.10/turn              (no ring)
MPRegen  0.11/turn              (no ring)

@: no status effects
A: change form in water, swift swim, stealthy swim
a: no special abilities


You were on level 3 of the Dungeon.
You visited 1 branch of the dungeon, and saw 3 of its levels.

You collected 98 gold pieces.

Inventory:

Hand Weapons
 q - a +0 dagger (weapon)
Armour
 a - a +0 robe (worn)
 f - a +0 buckler
 o - a +0 helmet (worn)
Scrolls
 b - 2 scrolls of identify {unknown}
 c - 3 scrolls of remove curse {unknown}
 l - a scroll of enchant weapon {unknown}
 m - a scroll of enchant armour {unknown}
 n - a scroll of fear {unknown}
 p - a scroll of immolation {unknown}
Potions
 d - a potion of degeneration {unknown}
 e - 3 potions of heal wounds
 g - a potion of mutation {unknown}
 h - a potion of brilliance {unknown}
 i - a potion of might {unknown}
 j - 2 potions of curing {unknown}
 k - 2 potions of haste {unknown}
 r - a potion of ambrosia {unknown}


   Skills:
 - Level 2.6 Dodging
 - Level 2.1 Stealth
 + Level 3.0 Spellcasting
 * Level 6.0 Ice Magic


You had 2 spell levels left.
You knew the following spells:

 Your Spells              Type           Power        Failure   Level
a - Freeze                Ice            ###.         1%          1
b - Frozen Ramparts       Ice            ###...       4%          3
c - Ozocubu's Armour      Ice            ###.....     4%          3

Your spell library contained the following spells:

 Spells                   Type           Power        Failure   Level
 Hailstorm                Conj/Ice       ##......     50%         4
 Summon Ice Beast         Ice/Summ       ##......     50%         4


Dungeon Overview and Level Annotations

Branches:
Dungeon (3/15)

Altars:
Elyvilon
Nemelex Xobeh

Annotations:
D:3 Grinder


Message History

* * * LOW MAGIC WARNING * * *
Grinder completely resists.
The wall freezes Grinder but do no damage.
Grinder closely misses you.
q - a +0 dagger (weapon)
Grinder resists.
The wall freezes Grinder.
Grinder hits you!
* * * LOW HITPOINT WARNING * * *
You writhe in agony.
* * * LOW HITPOINT WARNING * * *
Unknown command.
Grinder completely resists.
The wall freezes Grinder but do no damage.
Grinder completely resists.
The wall freezes Grinder but do no damage.
Grinder completely resists.
The wall freezes Grinder but do no damage.
The frozen ramparts melt away.
Grinder gestures at you. Pain shoots through your body!
You die...

#..[....# #.......# ..
####.#### .. #.......# ..
#.##.##.# ....> #.##..#.#
.... #5###.#.#######.#.
#.###.#......##.#. #####
#@.......###......
....################....#
#.##... ..#.#..........#
####.###.###..
.........#...#.######
#....[#....
..#.#.#.†#†.((...(..#
###........
.##.#.#...)..#.####.#
###.....#
....#.##.#.###.# #.#
###.###
.####.##.#.###.####.#
##.## .#
#..........#....# #...#


You could see Grinder.

Vanquished Creatures
  Robin (D:3)
  4 adders
  An ooze (D:2)
  2 dart slugs
  A leopard gecko (D:1)
  An orc (D:2)
  A ball python (D:1)
  A bat (D:1)
  3 giant cockroaches
  9 goblins
  9 hobgoblins
  A quokka (D:2)
  2 frilled lizards
  3 kobolds
  8 rats
47 creatures vanquished.

Notes
Turn   | Place    | Note
-------+----------+-------------------------------------------
     0 | D:1      | lunkers the Merfolk Ice Elementalist began the quest for
                  | the Orb.
     0 | D:1      | Reached XP level 1. HP: 13/13 MP: 3/3
   217 | D:1      | Reached XP level 2. HP: 19/19 MP: 1/5
   534 | D:2      | Reached skill level 5 in Ice Magic
   544 | D:2      | Reached XP level 3. HP: 10/24 MP: 0/6
  1393 | D:2      | Found a faded altar of an unknown god.
  1721 | D:2      | Reached XP level 4. HP: 30/30 MP: 5/8
  2101 | D:2      | Found a sparkling altar of Nemelex Xobeh.
  2248 | D:3      | Noticed Robin
  2283 | D:2      | Learned a level 3 spell: Frozen Ramparts
  2287 | D:2      | Learned a level 3 spell: Ozocubu's Armour
  2516 | D:3      | Killed Robin
  2606 | D:3      | Found a white marble altar of Elyvilon.
  3442 | D:3      | Noticed Grinder
  3446 | D:3      | Reached skill level 6 in Ice Magic
  3460 | D:3      | Killed from afar by Grinder

Illustrated notes

Levels and vault maps discovered:
D:1:      onia_arrival_handbag, layout_basic
D:2:      layout_basic, chequers_ecumenical_altar_grove,
          nemelex_dance_club_becter
D:3:      layout_loops_cross, elyvilon_altar_1, uniq_robin, uniq_grinder

Skill      XL: |  1  2  3  4 |
---------------+-------------+-----
Ice Magic      | 5 6 |  6.0
Spellcasting   | 3 |  3.0
Dodging        | |  2.6
Stealth        | |  2.1

Action                   |  1- 3 |  4- 6 || total
-------------------------+-------+-------++-------
Melee: Unarmed           |       |    13 ||    13
 Cast: Freeze            |    50 |    32 ||    82
       Frozen Ramparts   |       |     3 ||     3
       Ozocubu's Armour  |       |     1 ||     1
  Use: Potion            |       |     1 ||     1
Armor: Robe              |     6 |     8 ||    14
Dodge: Dodged            |    25 |    40 ||    65

Table legend: (Time is in decaauts)
 A = Elapsed time spent in this place.
 B = Non-inter-level travel time spent in this place.
 C = Inter-level travel time spent in this place.
 D = Time resting spent in this place.
 E = Time spent auto-exploring this place.
 F = Levels seen in this place.
 G = Mean time per level.
                   A        B        C        D        E       F      G
               +--------+--------+--------+--------+--------+-----+--------+
         Total |   3463 |   3350 |    113 |    559 |   2403 |   3 | 1154.3 |
       Dungeon |   3463 |   3350 |    113 |    559 |   2403 |   3 | 1154.3 |
               +--------+--------+--------+--------+--------+-----+--------+

Top non-repeatable levels by time:
     D:2: 1790 daAuts
     D:1: 893 daAuts
     D:3: 778 daAuts
